 Dungeon Crawl Stone Soup version 0.26-a0-466-g989023bd0d (webtiles) character file.

Game seed: 4869259933656005314

111 bmfx the Conjurer (level 4, 0/32 HPs)
             Began as a Palentonga Fire Elementalist on Aug 2, 2020.
             Slain by an adder (2 damage)
             ... on level 2 of the Dungeon.
             The game lasted 00:03:08 (1259 turns).

bmfx the Conjurer (Palentonga Fire Elementalist)    Turns: 1259, Time: 00:03:09

Health: 0/32       AC:  4    Str: 11    XL:     4   Next: 62%
Magic:  0/7        EV: 10    Int: 17    God:
Gold:   89         SH:  0    Dex: 10    Spells: 2/7 levels left

rFire    . . .     SeeInvis +   e - +2 mace (vorpal)
rCold    . . .     Faith    .   (no shield)
rNeg     . . .     Spirit   .   a - +0 robe
rPois    +         Reflect  .   (no helmet)
rElec    .         Harm     .   (no cloak)
rCorr    .         Rnd*Rage +   (no gloves)
MR       .....                  (boots restricted)
Stlth    +.........             (no amulet)
HPRegen  0.10/turn              (no ring)
MPRegen  0.10/turn              (no ring)

@: brilliant, very slightly contaminated
A: large, rugged brown scales 3, see invisible, berserk 1, deformed body, poison
resistance, roll, armoured tail
a: Rolling Charge


You were on level 2 of the Dungeon.
You visited 1 branch of the dungeon, and saw 2 of its levels.

You collected 89 gold pieces.


Innate Abilities, Weirdness & Mutations

You are completely covered in rugged brown scales. (AC +3, +7% HP)
You have supernaturally acute eyesight. (SInv)
Armour fits poorly on your strangely shaped body.
You can roll at foes to attack.
You have a long armoured tail.
You tend to lose your temper in combat.
Your system is resistant to poisons. (rPois)

Dungeon Overview and Level Annotations

Branches:
Dungeon (2/15)

Altars:


   Skills:
 - Level 1.5 Dodging
 - Level 1.2 Stealth
 - Level 2.0 Spellcasting
 + Level 3.3 Conjurations
 + Level 3.2 Fire Magic


You had 2 spell levels left.
You knew the following spells:

 Your Spells              Type           Power        Failure   Level
A - Foxfire               Conj/Fire      ###.         4%          1
B - Sticky Flame          Conj/Fire      ###.....     45%         4

Your spell library contained the following spells:

 Spells                   Type           Power        Failure   Level
 Conjure Flame            Conj/Fire      ###.....     16%         3
 Inner Flame              Hex/Fire       ##......     30%         3
 Fireball                 Conj/Fire      ###.......   80%         5

Action                   |  1- 3 |  4- 6 || total
-------------------------+-------+-------++-------
Melee: Mace              |    10 |     9 ||    19
       Short sword       |     2 |       ||     2
       Tailslap          |       |     1 ||     1
 Cast: Foxfire           |    52 |     9 ||    61
  Use: Scroll            |       |     2 ||     2
       Potion            |       |     2 ||     2
 Stab: Sleeping          |       |     1 ||     1
Armor: Robe              |    13 |    14 ||    27
Dodge: Dodged            |    27 |    19 ||    46

Skill      XL: |  1  2  3 |
---------------+----------+-----
Conjurations   | 1 2 3 |  3.3
Fire Magic     | 3 |  3.2
Dodging        | |  1.5
Stealth        | |  1.2
Spellcasting   | |  2.0

Inventory:

Hand Weapons
 c - a +0 dagger
 d - a +0 short sword
 e - a +2 vorpal mace (weapon)
Armour
 a - a +0 robe (worn)
Jewellery
 f - an uncursed ring of flight

##.#######.##)........ ##.#
#)##.#### #.# ##.## #.......###.#
#.########.....÷.....############
........†.....)§g§>........(..<†.
......).†...####§####.###########
###########.# #g# #.# #.# #S# #.#
#.# #@# #.# #.# #§# #.# #.# #§#
#.# #.# #.# #.# #.# #.# #..


You could see an adder and a hobgoblin.

Vanquished Creatures
  Jessica (D:2)
  2 gnolls (D:1)
  2 adders (D:2)
  An ooze (D:1)
  A dart slug (D:1)
  4 giant cockroaches
  10 goblins
  6 hobgoblins
  5 bats
  5 kobolds (D:1)
  3 rats (D:1)
40 creatures vanquished.

Vanquished Creatures (others)
  97 foxfires
97 creatures vanquished.

Grand Total: 137 creatures vanquished

Levels and vault maps discovered:
D:1:      eino_arrival_cavern_b, layout_rooms, chequers_serial_rivers_small_b
D:2:      layout_loops_ring, uniq_robin, uniq_jessica


Message History

It was a potion of mutation.
You feel extremely strange.
You feel less in control of your magic.
You feel a little pissed off.
You regain control of your magic.
You feel resistant to poisons. The adder bites you but does no damage.
The adder bites you.
* * * LOW HITPOINT WARNING * * *
Casting: Foxfire (safe; 5% risk of failure)
Confirm with . or Enter, or press ? or * to list all spells.
You feel a surge of power!
You miscast Foxfire.
You are very lightly contaminated with residual magic.
Nothing appears to happen.
The adder closely misses you.
Casting: Foxfire (safe; 5% risk of failure)
Confirm with . or Enter, or press ? or * to list all spells.
You feel a surge of power!
You conjure some foxfire!
The adder closely misses you. The adder bites you.
* * * LOW HITPOINT WARNING * * *
Your foxfire dissipates!
You sock the adder!
You kill the adder!
The adder bites you.
You die...

Notes
Turn   | Place    | Note
-------+----------+-------------------------------------------
     0 | D:1      | bmfx the Palentonga Fire Elementalist began the quest for
                  | the Orb.
     0 | D:1      | Reached XP level 1. HP: 13/13 MP: 3/3
    37 | D:1      | Reached skill level 1 in Conjurations
   236 | D:1      | Reached XP level 2. HP: 20/20 MP: 0/5
   470 | D:1      | Reached XP level 3. HP: 23/25 MP: 4/6
  1129 | D:2      | Noticed Jessica
  1156 | D:2      | Killed Jessica
  1156 | D:2      | Reached XP level 4. HP: 32/32 MP: 3/7
  1162 | D:2      | Learned a level 4 spell: Sticky Flame
  1254 | D:2      | Gained mutation: Your spells are a little harder to cast,
                  | but a little more powerful. [potion of mutation]
  1254 | D:2      | Gained mutation: You tend to lose your temper in combat.
                  | [potion of mutation]
  1254 | D:2      | Lost mutation: Your spells are a little harder to cast, but
                  | a little more powerful. [potion of mutation]
  1254 | D:2      | Gained mutation: Your system is resistant to poisons.
                  | (rPois) [potion of mutation]
  1257 | D:2      | HP: 1/32 [adder (4)]
  1259 | D:2      | Slain by an adder
